 Dungeon Crawl Stone Soup version 0.21-a0-509-gecc5317402 (webtiles) character file.

37 Kaname the Magician (level 3, 0/24 HPs)
             Began as a Demonspawn Wizard on Nov 29, 2017.
             Slain by a quokka (2 damage)
             ... on level 2 of the Dungeon.
             The game lasted 00:02:51 (1430 turns).

Kaname the Magician (Demonspawn Wizard)             Turns: 1430, Time: 00:02:52

Health: 0/24       AC:  3    Str:  7    XL:     3   Next: 23%
Magic:  0/7        EV: 12    Int: 20    God:
Gold:   95         SH:  0    Dex: 11    Spells: 2/8 levels left

rFire    . . .     SeeInvis .   l - +0 spear
rCold    + + .     Gourm    .   (no shield)
rNeg     . . .     Faith    .   a - +0 robe
rPois    .         Spirit   .   b - +0 hat
rElec    .         Reflect  .   (no cloak)
rCorr    .         Harm     .   (no gloves)
MR       .....                  (no boots)
Stlth    ++........             (no amulet)
HPRegen  0.08/turn              h - ring of protection from cold
MPRegen  0.10/turn              (no ring)

@: very slightly contaminated
A: cold resistance 1, deterioration 1, mutation resistance 1, shaggy fur 1, rot
immunity
a: no special abilities


You were on level 2 of the Dungeon.
You were very hungry.

You visited 1 branch of the dungeon, and saw 2 of its levels.

You collected 95 gold pieces.

Inventory:

Hand Weapons
 l - a +0 spear (weapon)
Armour
 a - a +0 robe (worn)
 b - a +0 hat (worn)
Jewellery
 h - a ring of protection from cold (left hand)
Wands
 g - a wand of iceblast (5)
Scrolls
 e - 2 scrolls of amnesia {unknown}
 j - a scroll of enchant armour {unknown}
 k - 3 scrolls of identify {unknown}
Books
 c - a book of Minor Magic

   Spells                             Type                      Level
   a - Magic Dart                     Conjuration                  1
   b - Blink                          Translocation                2
   c - Call Imp                       Summoning                    2
   d - Slow                           Hexes                        2
   e - Conjure Flame                  Conjuration/Fire             3
   f - Mephitic Cloud                 Conjuration/Poison/Air       3
Comestibles
 d - a bread ration
 i - a meat ration


   Skills:
 - Level 1.7 Dodging
 - Level 1.7 Stealth
 - Level 3.0 Spellcasting
 - Level 3.0 Conjurations
   Level 1.0 Summonings
 - Level 1.0 Translocations
 + Level 0.6 Air Magic


You had 2 spell levels left.
You knew the following spells:

 Your Spells              Type           Power        Failure   Level  Hunger
a - Magic Dart            Conj           ###.         4%          1    None
b - Blink                 Tloc           N/A          14%         2    ##.....
c - Mephitic Cloud        Conj/Pois/Air  #.......     26%         3    ###....


Dungeon Overview and Level Annotations

Branches:
Dungeon (2/15)

Altars:


Innate Abilities, Weirdness & Mutations

Your flesh is cold resistant. (rC+)
You are immune to rotting.
Your body sometimes deteriorates upon taking damage.
You are somewhat resistant to further mutation.
You are covered in fur. (AC +1)


Message History

The worm is severely wounded.
The worm bites you!
* * * LOW HITPOINT WARNING * * *
You are too injured to fight recklessly!
The quokka bites you.
* * * LOW HITPOINT WARNING * * *
Casting: Magic Dart
Confirm with . or Enter, or press ? or * to list all spells.
Aiming: Magic Dart
Press: ? - help, Shift-Dir - straight line, f/p - worm
Aim: a worm (heavily wounded)
The magic dart hits the quokka.
The quokka closely misses you. The quokka bites you.
* * * LOW HITPOINT WARNING * * *
It was a potion of mutation.
You feel extremely strange.
You feel yourself wasting away. Fur sprouts all over your body.
You feel genetically stable.
The quokka bites you but does no damage.
You miss the quokka. The quokka bites you.
You die...

#.........####...#.#.#
+.........+...........
#.........####.....###
##.......## ##.#.##
##.....## ###.#
##...## #.# ##'## #.#
#.# #.# #@# #.# ##r##
#.# #.w.# #..
..............#
#.....#...###.#
#.....#..## ..... ....
#.... #..## #... #..#


You could see a worm and a quokka.

Vanquished Creatures
  A worm (D:2)
  A dart slug (D:1)
  2 giant cockroaches
  5 hobgoblins
  4 jackals (D:1)
  6 kobolds
  A ball python (D:2)
  4 bats (D:1)
  3 frilled lizards
  4 rats
31 creatures vanquished.

Notes
Turn   | Place    | Note
-------+----------+-------------------------------------------
     0 | D:1      | Kaname the Demonspawn Wizard began the quest for the Orb.
     0 | D:1      | Reached XP level 1. HP: 13/13 MP: 4/4
   414 | D:1      | Gained mutation: Your flesh is cold resistant. (rC+) [demonic ancestry]
   414 | D:1      | Reached XP level 2. HP: 12/19 MP: 0/6
   418 | D:1      | Learned a level 2 spell: Blink
   524 | D:1      | You fall through a shaft!
  1114 | D:2      | Gained mutation: You are immune to rotting. [demonic ancestry]
  1114 | D:2      | Reached XP level 3. HP: 24/24 MP: 3/7
  1119 | D:2      | Learned a level 3 spell: Mephitic Cloud
  1160 | D:2      | Reached skill level 1 in Translocations
  1429 | D:2      | Gained mutation: Your body sometimes deteriorates upon taking damage. [potion of mutation]
  1429 | D:2      | Gained mutation: You are covered in fur. (AC +1) [potion of mutation]
  1429 | D:2      | Gained mutation: You are somewhat resistant to further mutation. [potion of mutation]
  1430 | D:2      | Slain by a quokka

Vault maps used:
D:1:      dpeg_arrival_simpleton_b
D:2:      eat_drink_and_be_merry_uskayaw, chequers_ecumenical_altar_simple,
          amethyst_killhole, eino_tiny_chamber

Skill      XL: |  1  2  3 |
---------------+----------+-----
Conjurations   | 2 3 |  3.0
Translocations | 1 |  1.0
Dodging        | |  1.7
Stealth        | |  1.7
Spellcasting   | |  3.0
Summonings     | |  1.0
Air Magic      | |  0.6

Action                   || total
-------------------------++-------
Melee: Short sword       ||    23
       Spear             ||    13
 Cast: Magic Dart        ||    64
  Use: Potion            ||     1
Armor: Robe              ||     5
Dodge: Dodged            ||    22

Table legend:
 A = Spawn XP
 B = Non-spawn XP
 C = Spawn XP percentage of total XP
 D = Spawn monster count
 E = Non-spawn monster count
 F = Spawn count percentage of total count
 G = Total turns spent on level
                    A         B        C        D         E        F      G
               +---------+---------+-------+---------+---------+-------+---------
         Total |       0 |      54 |   0.0 |       0 |      31 |   0.0 |  1430
               +---------+---------+-------+---------+---------+-------+---------
           D:1 |       0 |      37 |   0.0 |       0 |      22 |   0.0 |  1086
           D:2 |       0 |      17 |   0.0 |       0 |       9 |   0.0 |   344
               +---------+---------+-------+---------+---------+-------+---------
